 Dungeon Crawl Stone Soup version 0.21-b1-23-g1fb0a74 (webtiles) character file.

931 Faca the Chopper (level 7, -5/94 HPs)
             Began as a Minotaur Berserker on Jan 6, 2018.
             Was a Priest of Trog.
             Slain by an ice beast (11 damage)
             ... on level 5 of the Dungeon.
             The game lasted 00:08:09 (3966 turns).

Faca the Chopper (Minotaur Berserker)               Turns: 3966, Time: 00:08:10

Health: -5/94      AC: 13    Str: 27    XL:     7   Next: 86%
Magic:  6/6        EV: 10    Int:  4    God:    Trog [***...]
Gold:   173        SH:  0    Dex: 11    Spells: 6/6 levels left

rFire    . . .     SeeInvis .   t - +0 war axe
rCold    . . .     Gourm    .   (no shield)
rNeg     + . .     Faith    .   d - +0 chain mail
rPois    .         Spirit   .   (helmet restricted)
rElec    .         Reflect  .   (no cloak)
rCorr    .         Harm     .   (no gloves)
MR       +....                  o - +2 pair of boots
Stlth    ..........             (no amulet)
HPRegen  0.25/turn              i - ring of positive energy
MPRegen  0.10/turn              p - ring of protection from magic

@: berserking, very quick
A: retaliatory headbutt, horns 2
a: Berserk, Trog's Hand, Burn Spellbooks, Renounce Religion


You were on level 5 of the Dungeon.
You worshipped Trog.
Trog was most pleased with you.
You were not hungry.

You visited 1 branch of the dungeon, and saw 5 of its levels.

You collected 173 gold pieces.

Inventory:

Hand Weapons
 b - a +1 morningstar of protection
 t - a +0 war axe (weapon)
Armour
 d - a +0 chain mail (worn)
 o - a +2 pair of boots (worn)
 q - a +0 plate armour
Jewellery
 i - a ring of positive energy (left hand)
 p - a ring of protection from magic (right hand)
Scrolls
 m - 3 scrolls of remove curse
 n - 5 scrolls of teleportation
 r - 2 scrolls of enchant armour
 u - a scroll of fear {unknown}
 v - a scroll of enchant weapon
Potions
 a - a potion of invisibility {unknown}
 e - a potion of berserk rage {unknown}
 f - 2 potions of lignification {unknown}
 g - a potion of agility {unknown}
 h - a potion of flight {unknown}
 j - a potion of cancellation {unknown}
 k - 3 potions of curing
 l - a potion of haste {unknown}
 s - a potion of heal wounds {unknown}
Comestibles
 c - 5 rations


   Skills:
 + Level 6.0 Fighting
 * Level 7.7 Axes
 + Level 5.3 Armour
 + Level 4.8 Dodging


You had 6 spell levels left.
You didn't know any spells.

Dungeon Overview and Level Annotations

Branches:
Dungeon (5/15)             Temple (0/1) D:5

Altars:
Cheibriados
Kikubaaqudgha
Makhleb
Sif Muna
Wu Jian

Shops:
D:4 (


Innate Abilities, Weirdness & Mutations

You reflexively headbutt those who attack you in melee.
You have a pair of horns on your head.


Message History

You are too injured to fight recklessly!
You barely miss the ogre. You headbutt the ogre.
The ogre is severely wounded.
The ogre hits you with a giant spiked club!
* * * LOW HITPOINT WARNING * * *
Your chain mail prevents you from hitting the ogre.
The ogre is severely wounded.
The ogre barely misses you.
Your chain mail prevents you from hitting the ogre.
The ogre is severely wounded.
You barely miss the ogre. You headbutt the ogre!
You kill the ogre!
Trog accepts your kill.
Your Fighting skill increases to level 6!
A red film seems to cover your vision as you go berserk!
You feel yourself moving faster!
You feel mighty!
You feel a lot more hungry. The ice beast hits you.
* * * LOW HITPOINT WARNING * * *
The ice beast freezes you!
You die...

#.........#####.#
#.#.##..........#
#.#.#####.####### #.#.#
###.......# #. #.#.#
#......#..# #. #.#.#
#.##...>..# #. #.#.#
#.##.##.#.##
##.##.#.###.##.##.####
.<.#@#..#.........###
#..#Y#..............#
#.Y#.#.##.(⌠...⌠..#.#
#.O#.#..#.........#..
#####..#.#.......>......#
......$......#.........###
######.##.##.#..⌠...⌠..###
#. #.##.............# #.
..####.........#..


You could see an ice beast.

Vanquished Creatures
  Sigmund (D:2)
  2 ogres
  A scorpion (D:4)
  A howler monkey (D:4)
  2 hounds
  4 orc priests
  Terence (D:2)
  2 iguanas
  2 worker ants (D:4)
  Robin (D:4)
  3 gnolls (D:2)
  5 adders
  2 oozes (D:3)
  An adder skeleton (D:4)
  7 worms
  2 dart slugs (D:3)
  A leopard gecko (D:2)
  11 orcs
  A ball python (D:2)
  10 bats
  2 giant cockroaches
  14 goblins
  11 hobgoblins
  5 jackals (D:3)
  3 quokkas (D:4)
  9 frilled lizards
  5 kobolds
  5 rats
114 creatures vanquished.

Notes
Turn   | Place    | Note
-------+----------+-------------------------------------------
     0 | D:1      | Faca the Minotaur Berserker began the quest for the Orb.
     0 | D:1      | Reached XP level 1. HP: 19/19 MP: 0/0
   306 | D:1      | Reached skill level 4 in Axes
   306 | D:1      | Reached XP level 2. HP: 22/27 MP: 1/1
   792 | D:2      | Found an ornate altar of the Wu Jian Council.
   794 | D:2      | Reached XP level 3. HP: 33/33 MP: 2/2
   837 | D:2      | Reached ** piety under Trog
   958 | D:2      | Noticed Sigmund
   970 | D:2      | Killed Sigmund
   970 | D:2      | Reached skill level 5 in Axes
   970 | D:2      | Reached XP level 4. HP: 41/41 MP: 3/3
   970 | D:2      | Reached XP level 5. HP: 47/47 MP: 4/4
  1199 | D:2      | Reached XP level 6. HP: 35/55 MP: 5/5
  1324 | D:2      | Noticed Terence
  1334 | D:2      | Killed Terence
  1334 | D:2      | Reached skill level 6 in Axes
  1645 | D:2      | Reached skill level 5 in Fighting
  2085 | D:3      | Reached *** piety under Trog
  2175 | D:3      | Found a snail-covered altar of Cheibriados.
  2178 | D:3      | Found a burning altar of Makhleb.
  2181 | D:3      | Found an ancient bone altar of Kikubaaqudgha.
  2327 | D:3      | Found a deep blue altar of Sif Muna.
  2682 | D:4      | Reached XP level 7. HP: 37/61 MP: 6/6
  2816 | D:4      | Noticed Robin
  2835 | D:4      | Killed Robin
  3081 | D:4      | Reached skill level 7 in Axes
  3387 | D:4      | Reached skill level 5 in Armour
  3531 | D:4      | Found Reuz's Antique Weapon Emporium.
  3897 | D:5      | Entered Level 5 of the Dungeon
  3907 | D:5      | Found a staircase to the Ecumenical Temple.
  3966 | D:5      | Slain by an ice beast

Skill      XL: |  1  2  3  4  5  6  7 |
---------------+----------------------+-----
Axes           | 4 5 6 7 |  7.7
Fighting       | 4 5 6 |  6.0
Armour         | 3 4 5 |  5.3
Dodging        | 3 4 |  4.8

Action                   |  1- 3 |  4- 6 |  7- 9 || total
-------------------------+-------+-------+-------++-------
Melee: Hand axe          |    58 |   151 |    30 ||   239
       Headbutt          |    10 |    26 |    18 ||    54
       War axe           |       |       |    73 ||    73
Invok: Berserk           |       |     1 |     1 ||     2
  Use: Scroll            |     7 |     1 |     1 ||     9
  Eat: Chunk             |       |     5 |     1 ||     6
       Ration            |       |     1 |     1 ||     2
Armor: Scale mail        |    24 |     8 |       ||    32
       Animal skin       |     1 |       |       ||     1
       Chain mail        |       |    62 |    45 ||   107
Dodge: Dodged            |    39 |    73 |    48 ||   160
